 Dungeon Crawl Stone Soup version 0.26-a0-707-g31817bcca1 (webtiles) character file.

Game seed: 4105898959894364122

104 Decritt the Chopper (level 4, 0/61 HPs)
             Began as a Minotaur Berserker on Oct 26, 2020.
             Was a Believer of Trog.
             Killed from afar by Ijyb (12 damage)
             ... with a bolt of acid
             ... on level 3 of the Dungeon.
             The game lasted 00:04:28 (2319 turns).

Decritt the Chopper (Minotaur Berserker)            Turns: 2319, Time: 00:04:29

Health: 0/61       AC:  7    Str: 22    XL:     4   Next: 52%
Magic:  3/3        EV:  7    Int:  4    God:    Trog [**....]
Gold:   83         SH:  0    Dex: 10    Spells: 3/3 levels left

rFire    . . .     SeeInvis .   a - +0 hand axe
rCold    . . .     Faith    .   (no shield)
rNeg     . . .     Spirit   .   l - +0 plate armour
rPois    .         Reflect  .   (helmet restricted)
rElec    .         Harm     .   (no cloak)
rCorr    .         Rampage  .   (no gloves)
MR       .....                  (no boots)
Stlth    ..........             (no amulet)
HPRegen  0.20/turn              e - ring of attention (curse)
MPRegen  0.08/turn              (no ring)

@: berserking, corroded, very quick
A: retaliatory headbutt, horns 2
a: Berserk, Trog's Hand, Renounce Religion


You were on level 3 of the Dungeon.
You worshipped Trog.
Trog was pleased with you.
You visited 1 branch of the dungeon, and saw 3 of its levels.

You collected 83 gold pieces.

Inventory:

Hand Weapons
 a - a +0 hand axe (weapon)
Armour
 b - a +0 animal skin
 l - a +0 plate armour (worn)
Jewellery
 e - a cursed ring of attention (left hand)
Scrolls
 c - a scroll of amnesia {unknown}
 d - 3 scrolls of remove curse {unknown}
 f - a scroll of noise {unknown}
 g - a scroll of immolation {unknown}
 h - a scroll of magic mapping {unknown}
Potions
 i - a potion of berserk rage {unknown}
 j - a potion of degeneration {unknown}
 k - a potion of lignification {unknown}


   Skills:
 + Level 4.4 Fighting
 + Level 4.5 Axes
 + Level 3.5 Armour
 + Level 3.2 Dodging


You had 3 spell levels left.
You didn't know any spells.
Your spell library was empty.

Dungeon Overview and Level Annotations

Branches:
Dungeon (3/15)

Altars:
Nemelex Xobeh
Ru
The Shining One

Annotations:
D:3 Ijyb


Innate Abilities, Weirdness & Mutations

You reflexively headbutt those who attack you in melee.
You have a pair of horns on your head.


Message History

You hit Ijyb. You headbutt Ijyb, but do no damage.
Ijyb is lightly wounded.
Ijyb barely misses you.
You barely miss Ijyb.
Ijyb is lightly wounded.
Ijyb hits you but does no damage.
You barely miss Ijyb. Your headbutt misses Ijyb.
Ijyb is lightly wounded.
Ijyb zaps a wand.
The bolt of acid hits you!
* * * LOW HITPOINT WARNING * * *
The acid corrodes you!
You are splashed with acid!
* * * LOW HITPOINT WARNING * * *
A red film seems to cover your vision as you go berserk!
You feel yourself moving faster!
You feel mighty! Ijyb hits you but does no damage.
Unknown command.
You closely miss Ijyb.
Ijyb is lightly wounded.
Ijyb zaps a wand.
The bolt of acid hits you!
You die...

##.......#.###..##.#
##.....##.........#
##...#######.#####
## ##'## #.# .##
#.########.# ..##
#.......<..# ...#
##..######..#
...###...## #..#
...##.....## #.@#
................g#
.######..######.##
## #..# #. # #....
.. #.#### ### .#


You could see Ijyb.

Vanquished Creatures
  A bullfrog skeleton (D:2)
  3 adders
  A worm (D:2)
  2 dart slugs (D:1)
  2 leopard geckos (D:2)
  An orc (D:3)
  3 giant cockroaches
  3 goblins
  5 hobgoblins
  4 jackals (D:1)
  6 bats
  3 frilled lizards
  5 kobolds
  2 rats
41 creatures vanquished.

Notes
Turn   | Place    | Note
-------+----------+-------------------------------------------
     0 | D:1      | Decritt the Minotaur Berserker began the quest for the Orb.
     0 | D:1      | Reached XP level 1. HP: 19/19 MP: 0/0
   192 | D:1      | Found a sparkling altar of Nemelex Xobeh.
   256 | D:1      | Reached XP level 2. HP: 23/27 MP: 1/1
  1329 | D:2      | Reached XP level 3. HP: 18/33 MP: 2/2
  1494 | D:2      | Reached ** piety under Trog
  1953 | D:2      | Found a sacrificial altar of Ru.
  2017 | D:2      | Reached XP level 4. HP: 41/41 MP: 3/3
  2070 | D:2      | Found a glowing golden altar of the Shining One.
  2311 | D:3      | Noticed Ijyb
  2319 | D:3      | Killed from afar by Ijyb

Illustrated notes

Levels and vault maps discovered:
D:1:      minmay_arrival_glassed_features, layout_basic,
          nemelex_xobeh_ov_fountains_minmay
D:2:      layout_loops_ring, nicolae_overflow_hidden_temple,
          nicolae_ru_the_path_less_chosen
D:3:      layout_loops_corners, uniq_ijyb

Skill      XL: |  1  2  3 |
---------------+----------+-----
Axes           | 4 |  4.5
Fighting       | 4 |  4.4
Armour         | 3 |  3.5
Dodging        | 3 |  3.2

Action                   |  1- 3 |  4- 6 || total
-------------------------+-------+-------++-------
Melee: Hand axe          |    78 |    24 ||   102
       Headbutt          |    13 |     5 ||    18
Invok: Berserk           |       |     1 ||     1
Armor: Animal skin       |    15 |       ||    15
       Plate armour      |    16 |    11 ||    27
Dodge: Dodged            |    35 |    10 ||    45

Table legend: (Time is in decaauts)
 A = Elapsed time spent in this place.
 B = Non-inter-level travel time spent in this place.
 C = Inter-level travel time spent in this place.
 D = Time resting spent in this place.
 E = Time spent auto-exploring this place.
 F = Levels seen in this place.
 G = Mean time per level.
                   A        B        C        D        E       F      G
               +--------+--------+--------+--------+--------+-----+--------+
         Total |   2328 |   2276 |     52 |      0 |   2018 |   3 |  776.0 |
       Dungeon |   2328 |   2276 |     52 |      0 |   2018 |   3 |  776.0 |
               +--------+--------+--------+--------+--------+-----+--------+

Top non-repeatable levels by time:
     D:1: 1160 daAuts
     D:2: 1002 daAuts
     D:3: 164 daAuts
